[Event "Vastgota Open 2023"]
[Site "Skara stadshotell, Jarnvagsgatan 5, Skara, Sweden"]
[Date "2023.02.19"]
[Round "8.4"]
[White "Miezis, Normunds"]
[Black "Trost, Edvin"]
[Result "1-0"]
[TimeControl "15 minutes + 5 seconds per move from move one (Round 1 - 2) / 30 minutes + 10 seconds per move from move one (Round 3 - 9)"]
[WhiteTitle "GM"]
[BlackTitle "FM"]
[WhiteFideId "11600136"]
[BlackFideId "1729519"]
[WhiteElo "2502"]
[BlackElo "2226"]

1. c4 g6 2. Nc3 Bg7 3. g3 f5 4. Bg2 Nf6 5. d3 O-O 6. e4 e5 7. Nge2 d6 8. O-O Nc6 9. Nd5 Be6 10. Bg5 Qd7 11. Qd2 Nh5 12.
exf5 gxf5 13. f4 h6 14. Bh4 Rae8 15. Rae1 Nd8 16. d4 c6 17. Ne3 exf4 18. Nxf4 Nxf4 19. Rxf4 d5 20. cxd5 cxd5 21.
Bxd8 Rxd8 22. Ref1 Bf6 23. Qd3 Bg5 24. R4f3 Rde8 25. Nxf5 Kh8 26. h4 Bxf5 27. Rxf5 Rxf5 28. Rxf5 Be3+ 29.
Kh2 Qg7 30. Rxd5 Bf2 31. Rf5 Bxd4 32. Qf3 Bc5 33. Rxc5 1-0

[Event "Vastgota Open 2023"]
[Site "Skara stadshotell, Jarnvagsgatan 5, Skara, Sweden"]
[Date "2023.02.19"]
[Round "8.5"]
[White "Andersson, Fredrik"]
[Black "Cramling, Pia"]
[Result "1/2-1/2"]
[TimeControl "15 minutes + 5 seconds per move from move one (Round 1 - 2) / 30 minutes + 10 seconds per move from move one (Round 3 - 9)"]
[WhiteTitle "FM"]
[BlackTitle "GM"]
[WhiteFideId "1706187"]
[BlackFideId "1700030"]
[WhiteElo "2194"]
[BlackElo "2429"]

1. e4 c5 2. Nf3 Nc6 3. Bb5 g6 4. Bxc6 bxc6 5. O-O Bg7 6. Re1 Nf6 7. Nc3 O-O 8. e5 Nd5 9. Ne4 d6 10.
exd6 exd6 11. d3 h6 12. c4 Ne7 13. d4 cxd4 14. Nxd4 d5 15. cxd5 Qxd5 16. Nc3 Qxd4 17. Qxd4
Bxd4 18. Rxe7 Kg7 19. Bf4 Bf5 20. Rae1 Rfd8 21. h3 g5 22. Bc7 Rd7 23. Rxd7 Bxd7 24.
Rd1 Bxc3 25. bxc3 Be6 26. a4 Rc8 27.
Be5+ f6 28. Rd6 Kf7 29. Bd4 1/2-1/2

[Event "Vastgota Open 2023"]
[Site "Skara stadshotell, Jarnvagsgatan 5, Skara, Sweden"]
[Date "2023.02.19"]
[Round "8.6"]
[White "Golubka, Petro"]
[Black "Eklund, Lars-Goran"]
[Result "1-0"]
[TimeControl "15 minutes + 5 seconds per move from move one (Round 1 - 2) / 30 minutes + 10 seconds per move from move one (Round 3 - 9)"]
[WhiteTitle "GM"]
[BlackTitle "FM"]
[WhiteFideId "14114224"]
[BlackFideId "1701010"]
[WhiteElo "2407"]
[BlackElo "2196"]

1. e4 Nc6 2. Nf3 d6 3. d4 Nf6 4. Nc3 Bg4 5. Be3 e5 6. Bb5 exd4 7. Qxd4 Be7 8. Bxc6+ bxc6 9. Qc4 c5 10.
e5 Be6 11. Qa4+ Nd7 12. Rd1 O-O 13. b3 Qb8 14. O-O Qb4 15. Nd5 Bxd5 16. Qxd7 Bxf3 17. gxf3 Rfe8 18. Qxc7 Rac8 19. Qxa7 dxe5 20.
c4 Ra8 21. Qd7 Qb6 22. Rd2 Qf6 23. Qg4 g6 24. Rfd1 Qc6 25. Qe4 Qe6 26. Kg2 f5 27. Qd5 Qxd5 28. Rxd5 f4 29. Bxc5 1-0

[Event "Vastgota Open 2023"]
[Site "Skara stadshotell, Jarnvagsgatan 5, Skara, Sweden"]
[Date "2023.02.19"]
[Round "8.7"]
[White "Johansson, Ulf"]
[Black "Kockum, Anton Frisk"]
[Result "0-1"]
[TimeControl "15 minutes + 5 seconds per move from move one (Round 1 - 2) / 30 minutes + 10 seconds per move from move one (Round 3 - 9)"]
[BlackTitle "FM"]
[WhiteFideId "1701380"]
[BlackFideId "1709143"]
[WhiteElo "2155"]
[BlackElo "2367"]

1. Nf3 g6 2. g3 Bg7 3. d4 f5 4.
Bg2 Nf6 5. c4 d6 6. Nc3 O-O 7. O-O Nc6 8. d5 Ne5 9. Nxe5 dxe5 10. b3 a6 11. Bb2 g5 12. Qd2 h6 13. Rad1 Qe8 14.
c5 e6 15. c6 bxc6 16. d6 e4 17. Na4 Nd5 18. dxc7 Rf7 19. f3 e3 20. Qd3 Bxb2 21. Nxb2 Rxc7 22. Nc4 f4 23. Ne5 a5 24.
Kh1 Ba6 25. Qc2 Nb4 26. Qb2 Rd8 27. a3 Rxd1 28. Rxd1 Nd5 29. Qc2 c5 30. gxf4 Nxf4 31. Bf1 Rc8 32. Rd7 Qxd7 33. Nxd7 Rd8 34. Nxc5 Rd2 35. Qe4 Rd1 36.
h4 Rxf1+ 37. Kh2 Rf2+ 38. Kh1 Bxe2 39. Qxe3 Bxf3+ 40. Kg1 Nh3# 0-1

[Event "Vastgota Open 2023"]
[Site "Skara stadshotell, Jarnvagsgatan 5, Skara, Sweden"]
[Date "2023.02.19"]
[Round "8.8"]
[White "Silseth, Simon"]
[Black "Lind, Jan-Olov"]
[Result "1-0"]
[TimeControl "15 minutes + 5 seconds per move from move one (Round 1 - 2) / 30 minutes + 10 seconds per move from move one (Round 3 - 9)"]
[WhiteTitle "FM"]
[WhiteFideId "1702440"]
[BlackFideId "1701193"]
[WhiteElo "2258"]
[BlackElo "2096"]

1. d4 Nf6 2. c4 g6 3. Nc3 Bg7 4. e4 d6 5. Nf3 O-O 6. Be2 e5 7. d5 a5 8. Bg5 Na6 9. Nd2 Nc5 10.
Nb3 h6 11. Nxc5 hxg5 12. Nd3 c6 13. Qd2 Nh7 14. O-O-O g4 15. Kb1 Bf6 16. f3 Bg5 17. Qe1 gxf3 18. Bxf3 Qb6 19. h4 Be3 20.
c5 Bxc5 21. Na4 Qb5 22. Naxc5 dxc5 23. Nxe5 cxd5 24. exd5 Bf5+ 25. Ka1 Rfe8 26. Qg3 c4 27. Rc1 Rac8 28. h5 g5 29. h6 c3 30.
bxc3 a4 31. Bh5 Re7 32. Bxf7+ Rxf7 33. Nxf7 Kxf7 34. Qe5 Kg6 35. Qg7# 1-0

[Event "Vastgota Open 2023"]
[Site "Skara stadshotell, Jarnvagsgatan 5, Skara, Sweden"]
[Date "2023.02.19"]
[Round "8.9"]
[White "Wengholm, Anders"]
[Black "Ernst, Thomas"]
[Result "0-1"]
[TimeControl "15 minutes + 5 seconds per move from move one (Round 1 - 2) / 30 minutes + 10 seconds per move from move one (Round 3 - 9)"]
[BlackTitle "GM"]
[WhiteFideId "1704818"]
[BlackFideId "1700065"]
[WhiteElo "2104"]
[BlackElo "2315"]

1. Nf3 c5 2. c4 Nf6 3. Nc3 d5 4. cxd5 Nxd5 5. d4 Nxc3 6. bxc3 g6 7. e3 Bg7 8. Bb5+ Nc6 9. O-O O-O 10.
Ba3 cxd4 11. cxd4 Na5 12. Bb4 a6 13. Be2 Nc6 14. Bc5 b6 15. Ba3 Be6 16. Ng5 Bd7 17. Rc1 Re8 18. Bc4 e6 19.
Ne4 Qh4 20. f4 Na5 21. Be2 Bc6 22. Ng5 Bf6 23. g3 Qh6 24. Bf3 Bd5 25. Ne4 Bxe4 26. Bxe4 Rac8 27. Qa4 Rcd8 28. Rc7 Qh5 29.
Bf3 Qf5 30. Qb4 Qd3 31. Rc3 Qb5 32. Qxb5 axb5 33. Rb1 Rxd4 34. Rc2 Rd3 35. Bc1 Nc4 36.
Rxb5 Nxe3 37. Bxe3 Rxe3 38. Kg2 Bd4 39. Rc4 0-1

[Event "Vastgota Open 2023"]
[Site "Skara stadshotell, Jarnvagsgatan 5, Skara, Sweden"]
[Date "2023.02.19"]
[Round "8.10"]
[White "Bellon Lopez, Juan Manuel"]
[Black "Danielsson, Fredrik"]
[Result "1/2-1/2"]
[TimeControl "15 minutes + 5 seconds per move from move one (Round 1 - 2) / 30 minutes + 10 seconds per move from move one (Round 3 - 9)"]
[WhiteTitle "GM"]
[WhiteFideId "2200031"]
[BlackFideId "1729993"]
[WhiteElo "2318"]
[BlackElo "2071"]

1. d4 Nf6 2. Bf4 c5 3.
d5 d6 4.
Nc3 e5 5. dxe6 Bxe6 6. e4 Nc6 7. Nf3 Be7 8.
h3 O-O 9. Be2 d5 10. exd5 Nxd5 11. Nxd5 Qxd5 12. Qxd5 Bxd5 13. O-O-O Rad8 14. Rhe1 Bf6 15. a3 h6 16. Rd2 g5 17. Bc7 Rd7 18. Bg3 Rfd8 19. Bd1 Kg7 1/2-1/2

[Event "Vastgota Open 2023"]
[Site "Skara stadshotell, Jarnvagsgatan 5, Skara, Sweden"]
[Date "2023.02.19"]
[Round "8.11"]
[White "Lindgren, Philip"]
[Black "Bjorkeroth, Johan"]
[Result "0-1"]
[TimeControl "15 minutes + 5 seconds per move from move one (Round 1 - 2) / 30 minutes + 10 seconds per move from move one (Round 3 - 9)"]
[WhiteTitle "IM"]
[WhiteFideId "1713230"]
[BlackFideId "1719106"]
[WhiteElo "2282"]
[BlackElo "2032"]

1. d4 Nf6 2. c4 e6 3. Nf3 d5 4. g3 dxc4 5. Bg2 Bb4+ 6. Bd2 a5 7. O-O O-O 8. Qc2 Bxd2 9. Nbxd2 b5 10.
e4 Nc6 11. e5 Nd5 12. a3 Ba6 13. Rfd1 Qe7 14. Ne4 h6 15. b3 Rab8 16. h4 b4 17. bxc4 b3 18. Qd3 b2 19. Rab1 Nb6 20.
Nfg5 hxg5 21. Nxg5 g6 22. Bxc6 Bxc4 23. Qf3 Bd5 24. Bxd5 Nxd5 25. Rd2 c5 0-1

[Event "Vastgota Open 2023"]
[Site "Skara stadshotell, Jarnvagsgatan 5, Skara, Sweden"]
[Date "2023.02.19"]
[Round "8.12"]
[White "Bengtsson, Siv"]
[Black "Poley, Vladimir"]
[Result "0-1"]
[TimeControl "15 minutes + 5 seconds per move from move one (Round 1 - 2) / 30 minutes + 10 seconds per move from move one (Round 3 - 9)"]
[BlackTitle "IM"]
[WhiteFideId "1701673"]
[BlackFideId "13500090"]
[WhiteElo "1969"]
[BlackElo "2270"]

1. e4 g6 2. d4 Bg7 3. Bc4 c6 4. Bb3 d5 5. e5 Nh6 6. Nf3 O-O 7. O-O Na6 8. c3 Nc7 9. Nbd2 f6 10.
Qe2 Ne6 11. c4 Nf5 12. cxd5 cxd5 13. Qb5 Nc7 14. Qd3 b6 15. Re1 Ba6 16. Qc3 Rc8 17. Qb4 e6 18. Nf1 fxe5 19. dxe5 Bb7 20.
Ng3 Na6 21. Qg4 Nc5 22. h4 Nd3 23. Bg5 Qe8 24. Re2 h6 25. Bd2 h5 26. Qh3 a5 27. Nxf5 exf5 28. Nd4 Nxb2 29. Nf3 a4 30.
Rb1 axb3 31. Rxb2 bxa2 32. Rxa2 Qb5 33.
Bf4 Rc4 34. Qg3 Qc6 35. e6 Qe8 36. Ng5 d4 37. e7 Rf6 38. Be5 Rfc6 39. Bxg7 Kxg7 40.
Ne6+ Kh7 41. Ng5+ Kg8 42. Qe5 d3 43. Re3 R4c5 44. Qd4 Rc7 45. Ne6 Rc1+ 46. Kh2 Rxe7 47. Qf6 Qf7 48. Qxf7+ Kxf7 49.
Ng5+ Kf6 50. Rxd3 Rc6 51. Rb2 Ba6 52. Rd8 Bc4 53. Rf8+ Kg7 54. Rb8 b5 55. Nf3 Rd6 56. Nd2 Bd3 57. Nb3 Re4 58. g3 Rb4 59. Rb7+ Kf6 0-1

[Event "Vastgota Open 2023"]
[Site "Skara stadshotell, Jarnvagsgatan 5, Skara, Sweden"]
[Date "2023.02.19"]
[Round "9.1"]
[White "Chatalbashev, Boris"]
[Black "Galperin, Platon"]
[Result "1-0"]
[TimeControl "15 minutes + 5 seconds per move from move one (Round 1 - 2) / 30 minutes + 10 seconds per move from move one (Round 3 - 9)"]
[WhiteTitle "GM"]
[BlackTitle "GM"]
[WhiteFideId "2900440"]
[BlackFideId "14165414"]
[WhiteElo "2522"]
[BlackElo "2429"]

1. d4 Nf6 2. c4 g6 3. Nc3 Bg7 4. e4 d6 5. Be2 O-O 6. Bg5 Na6 7. Qd2 e5 8. d5 c6 9. f3 cxd5 10.
cxd5 Bd7 11. Bxa6 bxa6 12. Nge2 a5 13. O-O a4 14. Rac1 Qa5 15. Rc2 Rfc8 16. Rfc1 Rab8 17. g4 Ne8 18.
Kg2 Nc7 19. Nxa4 Qxd2 20. Bxd2 Nb5 21. Rxc8+ Bxc8 22. b3 f5 23. h3 h5 24. g5 fxe4 25. fxe4 Ba6 26. Nb2 Na3 27. Ng1 Bf8 28. Be3 Rb7 29. Nf3 Rf7 30.
Nd2 Be2 31. Rc8 Kg7 32. Bf2 Be7 33. h4 a6 34. Nbc4 Nc2 35. Nxd6 Bxd6 36. Rxc2 Bb4 37. Bg3 Bd3 38. Bxe5+ Kf8 39.
Rc8+ Ke7 40. Bc3 Kd7 41. Rc6 Bb5 42. Bxb4 Bxc6 43. dxc6+ Kxc6 44.
Kg3 Kd7 45. Nf3 Ke6 46. Bc3 Rd7 47.
Nd4+ Ke5 48. Kf3 Rf7+ 49. Ke3 Rf1 50. Ne2+ Ke6 51. Nf4+ Kf7 52. e5 Rh1 53. e6+ Ke7 54. Bb4+ Ke8 55. Nxg6 Ra1 56. Nf4 Rh1 57. Nxh5 1-0

[Event "Vastgota Open 2023"]
[Site "Skara stadshotell, Jarnvagsgatan 5, Skara, Sweden"]
[Date "2023.02.19"]
[Round "9.2"]
[White "Seo, Jung Min"]
[Black "Sivuk, Vitaly"]
[Result "0-1"]
[TimeControl "15 minutes + 5 seconds per move from move one (Round 1 - 2) / 30 minutes + 10 seconds per move from move one (Round 3 - 9)"]
[WhiteTitle "IM"]
[BlackTitle "GM"]
[WhiteFideId "1734687"]
[BlackFideId "14116502"]
[WhiteElo "2448"]
[BlackElo "2502"]

1. e4 c5 2. Nf3 d6 3. d4 cxd4 4.
Nxd4 Nf6 5. Nc3 a6 6.
Be3 e6 7. f3 b5 8. Qd2 Nbd7 9. g4 h6 10. O-O-O b4 11. Nce2 Qc7 12. h4 d5 13. Bf4 e5 14. Bh2 dxe4 15.
g5 hxg5 16. hxg5 Rxh2 17. Rxh2 exd4 18. Rh8 Nd5 19. Qxd4 Bb7 20.
fxe4 N5b6 21. g6 f6 22. Bh3 O-O-O 23. Kb1 Kb8 24. Bxd7 Nxd7 25. Rxf8 Rxf8 26. Qxd7 Bxe4 27. Qxc7+ Kxc7 28. Nf4 Re8 29. Kc1 Re5 30. Rd4 a5 31. c3 bxc3 32. bxc3 Kc6 33. a3 Bf5 34. Kd2 Bd7 35.
Rc4+ Kd6 36. Rd4+ Kc6 37. Rc4+ Rc5 38. Re4 Kd6 39. Rd4+ Ke7 40. Nd5+ Ke8 41. Nf4 Re5 42. c4 Bf5 43. Rd5 Ke7 44. Kc3 Be4 45. Rd4 f5 46.
Nh5 Re6 47. Nxg7 Rxg6 48. Nxf5+ Bxf5 49. Rd5 Rg3+ 50. Kd4 Rg4+ 51. Kc3 Be6 52. Rxa5 Rxc4+ 53. Kd3 Rh4 54. a4 Kd6 55. Ke3 Bd5 56. Ra7 Ke5 57. a5 Rh3+ 58. Kf2 Ra3 59. a6 Kf4 60.
Re7 Rxa6 61. Re8 Be4 62. Rf8+ Bf5 63. Re8 Rh6 64.
Rg8 Rh7 65. Rg1 Be4 66. Rg8 Rh2+ 67. Kg1 Rb2 68. Rf8+ Ke3 69. Rf2 Rb1+ 70. Rf1 Rb8 71. Rf6 Rh8 0-1

[Event "Vastgota Open 2023"]
[Site "Skara stadshotell, Jarnvagsgatan 5, Skara, Sweden"]
[Date "2023.02.19"]
[Round "9.3"]
[White "Kockum, Anton Frisk"]
[Black "Miezis, Normunds"]
[Result "0-1"]
[TimeControl "15 minutes + 5 seconds per move from move one (Round 1 - 2) / 30 minutes + 10 seconds per move from move one (Round 3 - 9)"]
[WhiteTitle "FM"]
[BlackTitle "GM"]
[WhiteFideId "1709143"]
[BlackFideId "11600136"]
[WhiteElo "2367"]
[BlackElo "2502"]

1. d4 Nf6 2. Nf3 e6 3. c4 Bb4+ 4. Bd2 a5 5. Nc3 O-O 6. Bg5 d5 7. e3 b6 8. cxd5 exd5 9. Bd3 Bb7 10.
Ne5 h6 11. Bh4 Be7 12. O-O Nfd7 13. Bg3 Nxe5 14. Bxe5 Nd7 15. Bg3 Nf6 16. Rc1 c5 17. Bb1 Ne4 18. Nxe4 dxe4 19. dxc5 Bxc5 20.
Qa4 Re8 21. a3 Qf6 22. Qb3 a4 23. Qc3 Qxc3 24. Rxc3 Red8 25. Rfc1 Rd2 26. R3c2 Rad8 27. Rxd2 Rxd2 28. Be5 f5 29.
Ba2+ Kf8 30. Be6 g6 31. g4 fxg4 32. Bc3 Rd3 33. Bxg4 Rxe3 34. Bd2 Rb3 35. Bxh6+ Kf7 36. Rc2 Kf6 37.
Bc1 Ba6 38. Bd2 Bd3 39. Rc1 Kf7 40. Be3 Bxe3 41. fxe3 Rxb2 42. Bd7 b5 43. Rc7 Kf6 44. Be8 g5 45. Rc5 b4 0-1

[Event "Vastgota Open 2023"]
[Site "Skara stadshotell, Jarnvagsgatan 5, Skara, Sweden"]
[Date "2023.02.19"]
[Round "9.4"]
[White "Palchuk, Andrii"]
[Black "Golubka, Petro"]
[Result "0-1"]
[TimeControl "15 minutes + 5 seconds per move from move one (Round 1 - 2) / 30 minutes + 10 seconds per move from move one (Round 3 - 9)"]
[WhiteTitle "FM"]
[BlackTitle "GM"]
[WhiteFideId "14176688"]
[BlackFideId "14114224"]
[WhiteElo "2238"]
[BlackElo "2407"]

1. d4 d5 2. c4 c6 3. Nf3 e6 4. Nbd2 f5 5. g3 Nd7 6. Bg2 Bd6 7. O-O Ngf6 8. b3 O-O 9. Bb2 Qe7 10.
Ne5 a5 11. a3 Ne4 12. Ndf3 Nxe5 13. Nxe5 Bd7 14. e3 Be8 15. Qe2 h5 16. f3 Nf6 17. e4 dxe4 18. fxe4 Bxe5 19. dxe5 Qc5+ 20.
Kh1 Nxe4 21. Bxe4 fxe4 22. Rxf8+ Qxf8 23. Rf1 Qe7 24. Qxe4 c5 25. Kg1 a4 26. bxa4 Rxa4 27. Qd3 Qd7 28.
Qxd7 Bxd7 29. Rc1 Bc6 30. Rc3 Kf7 31. Bc1 Kg6 32. Kf2 Kf5 33. Bf4 g5 34. Be3 b6 35. Ke2 Kxe5 36. Bxg5 Rxc4 37.
Rxc4 Bb5 38. Kd3 Kd5 39. Bd8 Bxc4+ 40. Kc3 b5 41. Bg5 Bf1 42. Be3 e5 43. Bg1 Bh3 44. Bf2 c4 45. Bb6 Bd7 46. h4 Bc6 47. Ba7 Ke4 48.
Bb8 Kf5 49. Bc7 Be4 50. Kd2 Bb1 51. Bb8 e4 52. Bf4 Kg4 53. Be5 Kf3 54. Bf4 e3+ 55. Ke1 c3 56. Be5 c2 57. Bb2 Ba2 58. Bc1 Bc4 59. Bb2 Kxg3 60.
Bc1 Kxh4 61. Bxe3 Kg3 62. Kd2 Bb3 63. Kc3 Ba4 64. Kd4 0-1

[Event "Vastgota Open 2023"]
[Site "Skara stadshotell, Jarnvagsgatan 5, Skara, Sweden"]
[Date "2023.02.19"]
[Round "9.5"]
[White "Cramling, Pia"]
[Black "Silseth, Simon"]
[Result "1-0"]
[TimeControl "15 minutes + 5 seconds per move from move one (Round 1 - 2) / 30 minutes + 10 seconds per move from move one (Round 3 - 9)"]
[WhiteTitle "GM"]
[BlackTitle "FM"]
[WhiteFideId "1700030"]
[BlackFideId "1702440"]
[WhiteElo "2429"]
[BlackElo "2258"]

1. d4 Nf6 2. Nf3 e6 3. c4 d5 4. g3 Be7 5. Bg2 O-O 6.
O-O dxc4 7. Qc2 a6 8. a4 c5 9. dxc5 Qc7 10. Qxc4 Qxc5 11. Na3 Nc6 12. Qxc5 Bxc5 13. Nc4 Nd5 14.
Bd2 b6 15. Rfc1 Bb7 16. a5 b5 17. Nce5 Nxe5 18. Nxe5 Bd4 19. Nd3 Rac8 20. e3 Ba7 21. Nb4 Rfd8 22. Rxc8 Rxc8 23. Rd1 f6 24. Nxd5 Bxd5 25. Bc3 Bxg2 26.
Kxg2 Bc5 27. Rd7 e5 28. Kf3 Bf8 29. Rb7 Rc4 30. Rb6 b4 31. Be1 Kf7 32. b3 Rc1 33. Bxb4 Bxb4 34. Rxb4 Ra1 35.
Rb7+ Kg6 36. b4 Ra2 37. g4 Rb2 38. h4 h5 39.
g5 fxg5 40. Rb6+ Kh7 41. hxg5 Rb1 42. Kg2 g6 43. b5 1-0

[Event "Vastgota Open 2023"]
[Site "Skara stadshotell, Jarnvagsgatan 5, Skara, Sweden"]
[Date "2023.02.19"]
[Round "9.6"]
[White "Ronneland, Daniel"]
[Black "Kucuksari, Kaan"]
[Result "1-0"]
[TimeControl "15 minutes + 5 seconds per move from move one (Round 1 - 2) / 30 minutes + 10 seconds per move from move one (Round 3 - 9)"]
[BlackTitle "IM"]
[WhiteFideId "1702130"]
[BlackFideId "6380166"]
[WhiteElo "2188"]
[BlackElo "2380"]

1. e4 c5 2. Nf3 Nc6 3. d4 cxd4 4.
Nxd4 Nf6 5. Nc3 e5 6. Ndb5 d6 7. Bg5 a6 8. Na3 b5 9. Bxf6 gxf6 10. Nd5 Bg7 11. Bd3 O-O 12. Qh5 Ne7 13.
O-O f5 14. Nxe7+ Qxe7 15. c4 Kh8 16. exf5 Bf6 17. Rae1 Bb7 18. Be4 Rg8 19. Qf3 Rab8 20. Bxb7 Qxb7 21. Qxb7 Rxb7 22. cxb5 axb5 23.
Rd1 e4 24. Rd5 Rgb8 25. b3 Bb2 26. Nc2 Be5 27. Nd4 Rc8 28. Nxb5 Rb6 29. Rfd1 Rc2 30. a4 Rb2 31. g3 Rc6 32.
R5d2 Rxd2 33. Rxd2 Kg7 34. a5 Kf6 35. f4 exf3 36. Kf2 Kxf5 37. Nd4+ Bxd4+ 38. Rxd4 Ke5 39. Ra4 Rc8 40. a6 Ra8 41.
Kxf3 Kd5 42. a7 Kc5 43. Ke4 d5+ 44. Kd3 d4 45. g4 Kc6 46. Kxd4 Kb7 47. Ke5 Re8+ 48. Kf6 Ka8 49. Kxf7 Re3 50.
h4 Rxb3 51. g5 Rb7+ 52. Kg8 Rc7 53. h5 Rc5 54. g6 hxg6 55. hxg6 Rc8 56. Kh7 Rc1 57. Rh4 1-0

[Event "Vastgota Open 2023"]
[Site "Skara stadshotell, Jarnvagsgatan 5, Skara, Sweden"]
[Date "2023.02.19"]
[Round "9.7"]
[White "Ernst, Thomas"]
[Black "Andersson, Fredrik"]
[Result "1/2-1/2"]
[TimeControl "15 minutes + 5 seconds per move from move one (Round 1 - 2) / 30 minutes + 10 seconds per move from move one (Round 3 - 9)"]
[WhiteTitle "GM"]
[BlackTitle "FM"]
[WhiteFideId "1700065"]
[BlackFideId "1706187"]
[WhiteElo "2315"]
[BlackElo "2194"]

1. d4 d5 2. c4 e6 3. Nc3 Nf6 4. Bg5 Be7 5. e3 O-O 6. Nf3 h6 7. Bh4 Ne4 8. Bxe7 Qxe7 9. cxd5 Nxc3 10.
bxc3 exd5 11. Qb3 c6 12. c4 Be6 13. Ne5 Nd7 14. Nxd7 Qxd7 15. c5 b6 16. Qa3 Bf5 17. Be2 Rfe8 18.
O-O b5 19. Qa5 Re6 20. a4 bxa4 21. Qxa4 Rg6 22. Kh1 Be4 23. f3 Bf5 24. g4 Be6 25. Bd3 f5 26. Qc2 Rf6 27. gxf5 Bxf5 28. Bxf5 Rxf5 29. Qd3 Raf8 30.
f4 Qe7 31. Ra6 R5f6 32. Rg1 Re6 33. Rg3 Re8 34. f5 Rxe3 35. Rxe3 Qxe3 36. Qxe3 Rxe3 37. Rxc6 Rd3 38. Ra6 Rxd4 39. Rxa7 Rc4 1/2-1/2

[Event "Vastgota Open 2023"]
[Site "Skara stadshotell, Jarnvagsgatan 5, Skara, Sweden"]
[Date "2023.02.19"]
[Round "9.8"]
[White "Poley, Vladimir"]
[Black "Rasti, Arvin"]
[Result "1-0"]
[TimeControl "15 minutes + 5 seconds per move from move one (Round 1 - 2) / 30 minutes + 10 seconds per move from move one (Round 3 - 9)"]
[WhiteTitle "IM"]
[WhiteFideId "13500090"]
[BlackFideId "1741160"]
[WhiteElo "2270"]
[BlackElo "2179"]

1. Nf3 Nf6 2. c4 g6 3. b4 Bg7 4. Bb2 O-O 5. g3 c6 6. Bg2 d5 7. Na3 a5 8. b5 Be6 9. cxd5 Bxd5 10. O-O Nbd7 11. d3 cxb5 12.
Nxb5 e5 13. Ba3 Re8 14. Nd6 Re7 15. e4 Bc6 16. Rb1 Rb8 17. Nc4 Re8 18. Bd6 Rc8 19. Ncxe5 Nxe5 20. Bxe5 b5 21. Ba1 b4 22.
Re1 Bb5 23. Nd4 Bd7 24. e5 Ng4 25. e6 fxe6 26. Qxg4 e5 27. Qe4 exd4 28. Qd5+ Kh8 29. Bxd4 Bf5 30. Rxe8+ Qxe8 31. Bxg7+ Kxg7 32. Qd4+ Kh6 33. g4 Bd7 34.
h4 Qf7 35. Bd5 Qf8 36. Kg2 Bc6 37. Kh3 Bd7 38. Kg3 Qd6+ 39. Qf4+ Qxf4+ 40. Kxf4 Rc2 41. f3 Rd2 42. Re1 Rxd3 43. Re7 Bxg4 44. fxg4 Rd4+ 45. Be4 1-0

[Event "Vastgota Open 2023"]
[Site "Skara stadshotell, Jarnvagsgatan 5, Skara, Sweden"]
[Date "2023.02.19"]
[Round "9.9"]
[White "Bjorkeroth, Johan"]
[Black "Bellon Lopez, Juan Manuel"]
[Result "0-1"]
[TimeControl "15 minutes + 5 seconds per move from move one (Round 1 - 2) / 30 minutes + 10 seconds per move from move one (Round 3 - 9)"]
[BlackTitle "GM"]
[WhiteFideId "1719106"]
[BlackFideId "2200031"]
[WhiteElo "2032"]
[BlackElo "2318"]

1. Nf3 c5 2. c4 Nc6 3. Nc3 Nd4 4. e3 Nxf3+ 5. Qxf3 g6 6. b3 Bg7 7. Bb2 Rb8 8. Rd1 Nh6 9. Bd3 d6 10.
Qg3 O-O 11. h4 Nf5 12. Bxf5 Bxf5 13. h5 b5 14. hxg6 Bxg6 15. f4 bxc4 16. f5 Bxf5 17. Nd5 e5 18. Bc3 cxb3 19. Ba5 Rb6 20. Bxb6 axb6 21. axb3 Bc2 22. Ra1 Be4 23. Nc3 Bg6 24.
e4 f5 25. exf5 Rxf5 26. Ra7 d5 27. Nb5 e4 28. Nc7 Be5 29. Qxe5 Rxe5 30. Ra8 Qxa8 31. Nxa8 b5 32. Nc7 b4 33.
Ke2 Rg5 34. Kf2 Bf7 35. Rc1 c4 36. Na6 cxb3 37. Nxb4 d4 38. Nc6 Rf5+ 39. Kg3 Rb5 40. Nxd4 b2 41. Rc8+ Kg7 42. Nf5+ Kf6 0-1

[Event "Vastgota Open 2023"]
[Site "Skara stadshotell, Jarnvagsgatan 5, Skara, Sweden"]
[Date "2023.02.19"]
[Round "9.10"]
[White "Trost, Edvin"]
[Black "Evertsson, Lennart"]
[Result "1-0"]
[TimeControl "15 minutes + 5 seconds per move from move one (Round 1 - 2) / 30 minutes + 10 seconds per move from move one (Round 3 - 9)"]
[WhiteTitle "FM"]
[WhiteFideId "1729519"]
[BlackFideId "1705156"]
[WhiteElo "2226"]
[BlackElo "2095"]

1. d4 Nf6 2. Nc3 d5 3. Bf4 Bf5 4. e3 e6 5. Bd3 Bxd3 6. cxd3 Bd6 7. Nge2 O-O 8. O-O Nc6 9. Qb3 Rb8 10.
Rac1 a6 11. Rfd1 Re8 12. h3 h6 13. a3 e5 14. dxe5 Bxe5 15. d4 Bxf4 16. Nxf4 Ne7 17. Na4 g5 18. Nd3 Ng6 19. Ne5 Nf8 20.
Qc2 c6 21. Nc5 Ne6 22. b4 Qd6 23. a4 Re7 24. Rd3 Kg7 25. Rb3 Rg8 26. Ra1 Nh7 27. Nxe6+ Qxe6 28. b5 cxb5 29. axb5 f6 30.
Nd3 Rc8 31. Rc3 Ra8 32. Rc7 Qf7 33. Rxe7 Qxe7 34. Qc5 Qxc5 35. Nxc5 a5 36. Ne6+ Kf7 37. Nc7 1-0

[Event "Vastgota Open 2023"]
[Site "Skara stadshotell, Jarnvagsgatan 5, Skara, Sweden"]
[Date "2023.02.19"]
[Round "9.11"]
[White "Eklund, Lars-Goran"]
[Black "Sundstrom, Bjorn"]
[Result "1-0"]
[TimeControl "15 minutes + 5 seconds per move from move one (Round 1 - 2) / 30 minutes + 10 seconds per move from move one (Round 3 - 9)"]
[WhiteTitle "FM"]
[WhiteFideId "1701010"]
[BlackFideId "1712071"]
[WhiteElo "2196"]
[BlackElo "2003"]

1. Nf3 f5 2. e4 fxe4 3. Ng5 e5 4. d3 e3 5. Bxe3 Be7 6. h4 Nf6 7. d4 e4 8. c4 h6 9. Nh3 d5 10.
Nf4 O-O 11. Be2 c6 12. Nc3 Kh7 13. Qb3 dxc4 14. Qxc4 b5 15. Qb3 b4 16. Nxe4 Nd5 17. Nxd5 cxd5 18. Ng3 Be6 19. Nh5 Qd6 20. Qc2+ Kg8 21. Qg6 Rf7 22. Bxh6 Bf5 23.
Qxd6 Bxd6 24. Be3 Nd7 25. Kd2 Nb6 26. b3 a5 27. Rac1 a4 28. Bd3 axb3 29. axb3 Ra2+ 30. Rc2 Rxc2+ 31. Bxc2 Bxc2 32. Kxc2 Rc7+ 33. Kb2 g6 34. Nf6+ Kf7 35. Ng4 Ke6 36. Re1 Kf5 37. f3 Bg3 38. Re2 Bxh4 39. Bd2 Nd7 40.
Bxb4 Bf6 41. Bc3 Bg7 42. Ne3+ Ke6 43. g4 Kd6 44. Bb4+ Kc6 45. Rc2+ Kb7 46. Rxc7+ Kxc7 47. Nxd5+ Kc6 48.
Ne7+ Kb5 49. Bc3 g5 50. Kc2 Nb6 51.
Kd3 Bf6 52. Ng8 Bg7 53. Ke4 Kc6 54. d5+ 1-0